 Dungeon Crawl Stone Soup version 0.19-a0-1168-g98094fc (webtiles) character file.

6064 PurpleRed the Cleaver (level 11, -4/130 HPs)
             Began as a Human Berserker on Aug 15, 2016.
             Was an Elder of Trog.
             Slain by a jiangshi (10 damage)
             ... summoned by a vampire mage
             ... on level 11 of the Dungeon.
             The game lasted 00:36:17 (4769 turns).

PurpleRed the Cleaver (Human Berserker)             Turns: 4769, Time: 00:36:18

Health: -4/130     AC: 17    Str: 25    XL:     11   Next: 11%
Magic:  11/11      EV:  8    Int:  7    God:    Trog [****..]
Gold:   295        SH:  0    Dex: 14    Spells: 0 memorised, 10 levels left

rFire  + . .     SeeInvis .     a - +0 war axe
rCold  . . .     Gourm    .     F - +0 plate armour (curse)
rNeg   + . .     Faith    .     (no shield)
rPois  .         Spirit   .     u - +1 helmet
rElec  .         Dismiss  .     K - +0 cloak (curse)
rCorr  .         Reflect  .     (no gloves)
MR     ++...     Harm     .     (no boots)
Stlth  ..........               d - amulet of regeneration
                                E - ring of positive energy
                                y - ring of protection from fire

@: berserking (expiring), regenerating, slowed, drained
A: no striking features
a: Berserk, Trog's Hand, Brothers in Arms, Burn Spellbooks, Renounce Religion


You were on level 11 of the Dungeon.
You worshipped Trog.
Trog was greatly pleased with you.
You were hungry.

You visited 3 branches of the dungeon, and saw 13 of its levels.
You also visited: Sewer.

You collected 377 gold pieces.
You spent 82 gold pieces at shops.

Inventory:

Hand Weapons
 a - a +0 war axe (weapon)
 M - a +0 scimitar of flaming
Armour
 m - a +2 scale mail of cold resistance
 u - a +1 helmet (worn)
 C - a +1 scale mail of poison resistance
 F - a cursed +0 plate armour (worn)
 K - a cursed +0 cloak (worn)
Jewellery
 d - an amulet of regeneration (around neck)
 y - a ring of protection from fire (left hand)
 E - a ring of positive energy (right hand)
 N - an uncursed amulet of the gourmand
Wands
 f - a wand of lightning (9/15)
 p - a wand of polymorph (13/24)
 t - a wand of confusion (21/48)
 w - a wand of teleportation (9/9)
 x - a wand of iceblast (12/15)
 A - a wand of paralysis (9/24)
Scrolls
 l - 3 scrolls of teleportation
 q - 2 scrolls of silence {unknown}
 D - a scroll of fog
 J - 3 scrolls of remove curse
Potions
 b - 2 potions of flight
 e - a potion of magic
 g - 2 potions of haste
 h - a potion of cancellation {unknown}
 k - a potion of heal wounds
 n - a potion of ambrosia {unknown}
 o - a potion of mutation {unknown}
 v - 2 potions of curing
 z - a potion of cure mutation
 I - a potion of agility {unknown}
Books
 i - a book of Callings

   Spells                             Type                      Level
   a - Summon Small Mammal            Summoning                    1
   b - Call Imp                       Summoning                    2
   c - Call Canine Familiar           Summoning                    3
   d - Summon Guardian Golem          Hexes/Summoning              3
   e - Summon Lightning Spire         Summoning/Air                4
   f - Summon Ice Beast               Ice/Summoning                4
   Trog disapproves of the use of such an item.
 B - a book of Death

   Spells                             Type                      Level
   a - Corpse Rot                     Necromancy                   2
   b - Sublimation of Blood           Necromancy                   2
   c - Agony                          Necromancy                   5
   d - Dispel Undead                  Necromancy                   5
   e - Excruciating Wounds            Charms/Necromancy            5
   f - Bolt of Draining               Conjuration/Necromancy       5
   Trog disapproves of the use of such an item.
 G - a book of the Dragon

   Spells                             Type                      Level
   a - Flame Tongue                   Conjuration/Fire             1
   b - Cause Fear                     Hexes                        4
   c - Bolt of Fire                   Conjuration/Fire             6
   d - Dragon Form                    Transmutation                7
   e - Dragon's Call                  Summoning                    9
   Trog disapproves of the use of such an item.
Comestibles
 c - 6 bread rations
 j - 4 meat rations
 r - a beef jerky
 s - a slice of pizza
 H - 2 fruits
 L - 2 chunks of flesh


   Skills:
 + Level 8.7(8.1) Fighting
 * Level 11.7(11.0) Axes
 + Level 8.0(7.4) Armour
 - Level 2.0(1.5) Dodging


You had 10 spell levels left.
You didn't know any spells.

Dungeon Overview and Level Annotations

Branches:
Dungeon (11/15)            Temple (1/1) D:7            Lair (1/6) D:9
    Orc: D:9-12

Altars:
Ashenzari
Cheibriados
Dithmenos
Elyvilon
Fedhas
Gozag
Hepliaklqana
Kikubaaqudgha
Makhleb
Nemelex Xobeh
Okawaru
Pakellas
Qazlal
Ru
Sif Muna
Trog
Vehumet
Xom
Yredelemnul

Shops:
D:6 *=?}

Annotations:
D:11 Sonja


Message History

* * * LOW HITPOINT WARNING * * *
The jiangshi draws strength from your injuries!
Your black bear bites the jiangshi but does no damage.
Your black bear claws the jiangshi. x2
Unknown command.
Unknown command.
The jiangshi barely misses you. The jiangshi claws you.
* * * LOW HITPOINT WARNING * * *
The jiangshi draws strength from your injuries!
Your black bear bites the jiangshi.
Your black bear claws the jiangshi. x2
The jiangshi claws your black bear!! The jiangshi claws your black bear!
You feel a strong urge to attack something.
Your black bear barely misses the jiangshi. x2
Your black bear claws the jiangshi.
Something hits your black bear. Something bites your black bear!
Your black bear dies!
Your black bear's corpse disappears in a puff of smoke!
The jiangshi claws you but does no damage.
The jiangshi claws you!
You die...

#))##.#?#?#?#
#..##......... #
#..##.........
#.####.(##.........
#.......(#.........
.........M.........
.......<##{{.......
..#####(##.V.......
. #.##.@.......
#.##.........
#.##?#?#?#?#:
#.######## # #.#
#.#


You could see a jiangshi and a mummy.

Vanquished Creatures
  Erica (D:9)
  The ghost of myxocpahck the Arsonist, a novice GrFE of Vehumet (D:10)
  The ghost of tijit the Spear-Bearer, a novice TeFE of Okawaru (D:8)
  A hungry ghost (D:7)
  A hippogriff (D:10)
  Menkaure (D:5)
  A water moccasin (D:10)
  3 orc warriors
  A sky beast (D:5)
  An ice beast (D:7)
  A necrophage (D:9)
  2 black bears
  2 ogres
  2 centaurs
  A crocodile (D:10)
  5 big kobolds (Sewer)
  8 giant frogs
  3 scorpions
  5 killer bees (D:9)
  4 howler monkeys
  2 vampire bats (D:4)
  3 crimson imps
  8 hounds
  2 jellies
  2 giant frog skeletons
  6 orc priests
  2 centaur skeletons
  4 iguanas
  4 orc wizards
  6 worker ants
  A killer bee zombie (D:8)
  A worker ant zombie (D:8)
  5 adders
  A howler monkey skeleton (D:5)
  4 river rats
  A shadow imp (D:5)
  3 oozes (Sewer)
  An adder zombie (D:9)
  6 worms (Sewer)
  4 giant geckos
  21 orcs
  2 bat skeletons (D:4)
  2 bat zombies (D:4)
  A giant cockroach (D:7)
  A hobgoblin (D:2)
  5 kobolds
  A quokka (D:10)
  4 ball pythons
  A bat (D:2)
  A rat (Sewer)
150 creatures vanquished.

Notes
Turn   | Place    | Note
-------+----------+-------------------------------------------
     0 | D:1      | PurpleRed the Human Berserker began the quest for the Orb.
     0 | D:1      | Reached XP level 1. HP: 18/18 MP: 1/1
   209 | D:5      | Entered Level 5 of the Dungeon
   209 | D:5      | Noticed a crimson imp
   217 | D:5      | Reached XP level 2. HP: 24/24 MP: 2/2
   218 | D:5      | Killed a crimson imp
   218 | D:5      | Reached skill level 4 in Axes
   218 | D:5      | Reached XP level 3. HP: 29/29 MP: 3/3
   221 | D:5      | Reached XP level 4. HP: 35/35 MP: 4/4
   254 | D:4      | Found Esuvosi's Gadget Boutique.
   284 | D:4      | Reached skill level 5 in Axes
   284 | D:4      | Reached XP level 5. HP: 42/42 MP: 5/5
   420 | D:4      | Found a glowing drain.
   424 | Sewer    | Entered a sewer
   464 | Sewer    | Noticed a big kobold
   478 | Sewer    | Reached XP level 6. HP: 36/48 MP: 6/6
   626 | Sewer    | Reached skill level 6 in Axes
   626 | Sewer    | Reached XP level 7. HP: 42/55 MP: 7/7
   687 | Sewer    | Reached ** piety under Trog
  1136 | D:5      | Found a blossoming altar of Fedhas.
  1151 | D:5      | Reached skill level 5 in Fighting
  1151 | D:5      | Reached XP level 8. HP: 62/62 MP: 8/8
  1156 | D:5      | Reached skill level 7 in Axes
  1297 | D:5      | Got a slimy great sword
  1303 | D:5      | Noticed Menkaure
  1307 | D:5      | Killed Menkaure
  1344 | D:6      | Found Educofal's General Store.
  1385 | D:6      | Bought a potion of curing for 30 gold pieces
  1500 | D:5      | Found a shadowy altar of Dithmenos.
  1521 | D:5      | Identified the cursed +0 great sword "Zaxteull" {flame, +Fly rC- Int+4 Dex+2} (You found it on level 5 of the Dungeon)
  1642 | D:5      | Reached skill level 8 in Axes
  1695 | D:4      | Found an ancient bone altar of Kikubaaqudgha.
  1749 | D:4      | Reached *** piety under Trog
  1749 | D:4      | Reached skill level 5 in Armour
  1809 | D:5      | Reached XP level 9. HP: 69/69 MP: 9/9
  1920 | D:6      | Found Gouqec's Gadget Shoppe.
  2106 | D:6      | Found Wurekhal's Magic Scroll Emporium.
  2151 | D:6      | Bought a scroll of identify for 26 gold pieces
  2151 | D:6      | Bought a scroll of fog for 26 gold pieces
  2262 | D:7      | Reached skill level 9 in Axes
  2346 | D:6      | Found Puicwiamm's Jewellery Boutique.
  2660 | D:7      | Found a staircase to the Ecumenical Temple.
  2712 | D:7      | Found a sacrificial altar of Ru.
  2724 | Temple   | Entered the Ecumenical Temple
  2928 | D:8      | Noticed tijit's ghost (novice TeFE)
  2941 | D:8      | Killed tijit's ghost
  2941 | D:8      | Reached skill level 10 in Axes
  2941 | D:8      | Reached XP level 10. HP: 79/79 MP: 10/10
  3141 | D:10     | Entered Level 10 of the Dungeon
  3158 | D:9      | Noticed Erica
  3168 | D:9      | Killed Erica
  3168 | D:9      | Reached **** piety under Trog
  3265 | D:8      | Found a burning altar of Makhleb.
  3360 | D:10     | Noticed myxocpahck's ghost (novice GrFE)
  3367 | D:10     | Killed myxocpahck's ghost
  3367 | D:10     | Reached skill level 11 in Axes
  3598 | D:9      | Found a staircase to the Lair.
  3674 | D:9      | Found a hazy altar of Hepliaklqana.
  3715 | Lair:1   | Entered Level 1 of the Lair of Beasts
  3975 | D:11     | Noticed Sonja
  4163 | D:10     | Reached XP level 11. HP: 61/87 MP: 11/11
  4758 | D:11     | Noticed a vampire mage
  4763 | D:11     | Noticed a jiangshi
  4767 | D:11     | HP: 4/130 [jiangshi[a vampire mage] (18)]
  4769 | D:11     | Slain by a jiangshi

Vault maps used:
D:1:      minmay_arrival_jagged
D:2:      zin_purify, first_bread
D:4:      kennysheep_vampire_church, gup_sewer_entry_bowl, serial_shops,
          nicolae_shop_crystal, minmay_misc_feat_ornament
D:5:      fedhas_altar_2, grunt_dithmenos_shadows, uniq_menkaure
D:6:      serial_shops, shop, shop, shop, nicolae_shop_window_shopping
D:7:      nicolae_overflow_hidden_temple, basic_altar, serial_shops, shop,
          minivault_22, david_defended_altar_elf
D:8:      kennysheep_mini
D:9:      lemuel_coloured_pillars_altar, lair_0_dummy, uniq_erica
D:10:     uniq_nergalle
D:11:     erik_orc_1, hangedman_ranch, minmay_librarian, uniq_sonja
Temple:   nicolae_temple_great_sept
Sewer:    sewer_co_tree

Skill      XL: |  1  2  3  4  5  6  7  8  9 10 11 |
---------------+----------------------------------+-----
Axes           | 4 5 6 8 10 11 | 11.7
Fighting       | 4 5 6 7 8 |  8.7
Armour         | 3 5 6 7 8 |  8.0
Dodging        | |  2.0

Action                   |  1- 3 |  4- 6 |  7- 9 | 10-12 || total
-------------------------+-------+-------+-------+-------++-------
Melee: Hand axe          |    20 |     9 |       |       ||    29
       War axe           |       |    94 |   361 |   216 ||   671
Invok: Berserk           |     1 |     1 |     5 |     4 ||    11
       Trog's Hand       |       |       |       |     1 ||     1
       Brothers in Arms  |       |       |       |     1 ||     1
  Use: Scroll            |     3 |     1 |    12 |     3 ||    19
  Eat: Chunk             |       |     1 |    15 |    11 ||    27
Armor: Chain mail        |     8 |    51 |   193 |       ||   252
       Animal skin       |     4 |       |       |       ||     4
       Leather armour    |     2 |       |       |       ||     2
       Plate armour      |       |       |    43 |   187 ||   230
Dodge: Dodged            |     4 |    49 |   144 |   129 ||   326
